 Dungeon Crawl Stone Soup version 0.31.0-32-g396128a36d (webtiles) character file.

Game seed: 4504596961418397942

10 H0rd4k the Charlatan (level 2, 0/18 HPs)
             Began as an Octopode Artificer on Apr 18, 2024.
             Constricted to death by a ball python (1 damage)
             ... on level 1 of the Dungeon.
             The game lasted 00:00:17 (182 turns).

H0rd4k the Charlatan (Octopode Artificer)            Turns: 182, Time: 00:00:18

Health: 0/18       AC:  1    Str: 11    XL:     2   Next: 20%
Magic:  2/2        EV: 10    Int: 13    God:
Gold:   25         SH:  0    Dex: 12    Spells: 1/1 levels left

rFire   . .          .
                       - Unarmed
rCold   . . .        (no shield)
rNeg    . . .        (helmet restricted)
rPois   .            (no amulet)
rElec   .            (no ring)
rCorr   .            (no ring)
SInv    .            (no ring)
Will    .....        (no ring)
Stlth   +++          (no ring)
HPRegen 0.23/turn    (no ring)
MPRegen 0.08/turn    (no ring)
                     (no ring)

%: no passive effects
@: constricted
A: almost no armour, amphibious, 8 rings, camouflage 1, gelatinous body 1,
(nimble swimmer 1), tentacles
a: no special abilities


You were on level 1 of the Dungeon.
You visited 1 branch of the dungeon, and saw 1 of its levels.

You collected 25 gold pieces.

Inventory:

Missiles
 a - 5 poisoned darts
Wands
 b - a wand of flame (15) (quivered)
 c - a wand of charming (15)
 d - a wand of iceblast (5)
Scrolls
 e - a scroll of identify {unknown}


   Skills:
 + Level 1.4 Fighting
 - Level 2.3 Dodging
 - Level 1.3 Stealth
 + Level 1.4 Unarmed Combat
 - Level 3.2 Evocations


You had one spell level left.
You didn't know any spells.
Your spell library was empty.

Dungeon Overview and Level Annotations

Branches:
Dungeon (1/15)

Altars:


Innate Abilities, Weirdness & Mutations

You cannot wear most types of armour.
You are amphibious.
You can wear up to eight rings at the same time.
Your skin changes colour to match your surroundings (Stealth+).
Your rubbery body absorbs attacks. (AC +1, EV +1)
((You are camouflaged when in or above water. (Stealth+)))
You have tentacles for arms and can constrict up to eight enemies at once.


Message History

The ball python constricts you.
You tentacle-slap the ball python but do no damage.
Your grab misses the ball python. The ball python bites you.
The ball python constricts you.
You tentacle-slap the ball python. Your grab misses the ball python.
The ball python is severely wounded.
The ball python misses you. The ball python constricts you.
The ball python bites you. The ball python constricts you.
The endoplasm hits you.
You are too injured to fight recklessly!
There are monsters nearby!
You are too injured to fight recklessly!
You are too injured to fight recklessly!
You tentacle-slap the ball python.
You kill the ball python!
The endoplasm misses you.
You tentacle-slap the endoplasm.
The endoplasm is severely wounded.
The ball python bites you. The ball python misses you.
The endoplasm closely misses you.
You tentacle-slap the endoplasm.
The endoplasm is almost dead.
The ball python misses you. The ball python grabs you.
The ball python constricts you. The endoplasm hits you.
* * * LOW HITPOINT WARNING * * *
You tentacle-slap the endoplasm but do no damage.
Your squeeze misses the endoplasm.
The endoplasm is almost dead.
The ball python bites you.
* * * LOW HITPOINT WARNING * * *
The ball python constricts you.
* * * LOW HITPOINT WARNING * * *
You tentacle-slap the endoplasm.
You kill the endoplasm!
The ball python barely misses you. The ball python constricts you.
You closely miss the ball python. You grab the ball python.
You constrict the ball python. The ball python bites you.
* * * LOW HITPOINT WARNING * * *
The ball python constricts you.
You die...

......$ ..#.#.....
........ ..........
.......# .........#
......# ###.........
#....#+#........... #
#.................. ...
#..$...............
.....#..................
......)@.........##...#.
......S...............#.
......................#.
........#......†......#.
........##..............
........##......######..
........##......# #..
........##......# #..
#......# #..


You could see a ball python.

Vanquished Creatures
  A ball python (D:1)
  2 endoplasms (D:1)
  2 hobgoblins (D:1)
  A quokka (D:1)
  A bat (D:1)
  A goblin (D:1)
  A rat (D:1)
9 creatures vanquished.

Notes
Turn   | Place    | Note
-------+----------+-------------------------------------------
     0 | D:1      | H0rd4k the Octopode Artificer began the quest for the Orb.
     0 | D:1      | Reached XP level 1. HP: 13/13 MP: 1/1
   156 | D:1      | Reached skill level 1 in Unarmed Combat
   158 | D:1      | Reached XP level 2. HP: 17/18 MP: 2/2
   182 | D:1      | Constricted to death by a ball python

Illustrated notes

Levels and vault maps discovered:
D:1:      dpeg_arrival_lava_altar, layout_basic

Skill      XL: |  1 |
---------------+----+-----
Unarmed Combat | 1 |  1.4
Fighting       | |  1.4
Dodging        | |  2.3
Stealth        | |  1.3
Evocations     | |  3.2

Action                     || total
---------------------------++-------
  Melee: Unarmed           ||    29
         Tentacles         ||     7
         Constrict         ||     6
   Stab: Sleeping          ||     2
 Armour: Skin              ||    14
  Dodge: Dodged            ||    16
